 Dungeon Sprint DCSS version 0.30.1-11-g7821555f0a (webtiles) character file.

Game seed: 15043108731312663311

234534 Groucho the Intangible (level 18, -3/127 HPs)
             Began as a Spriggan Hunter on Jan 3, 2024.
             Was a High Priest of Qazlal.
             Slain by Tiamat
             ... wielding a +2 bardiche of distortion
              (5 damage)
             ... while petrified by Ymosu
             ... in the Dungeon (Sprint VII: "The Pits").
             The game lasted 01:04:39 (24156 turns).

Groucho the Intangible (Spriggan Hunter)           Turns: 24156, Time: 01:04:40

Health: -3/127     AC: 19    Str:  7    XL:     18   Next: 45%
Magic:  11/36      EV:  4    Int: 13    God:    Qazlal [*****.]
Gold:   294        SH:  0    Dex: 24    Spells: 36/41 levels left

rFire   + + .        a - +3 arbalest
rCold   + . .        (shield currently unavailable)
rNeg    + + +        s - +3 troll leather armour {Snorg}
rPois   ∞            t - +2 hat {Stlth+}
rElec   .            c - +2 cloak
rCorr   .            (gloves unavailable)
SInv    +            (boots unavailable)
Will    +++..        L - amulet of Okoul {Reflect +Blink rF++ Dex+4 SH+5 SInv}
Stlth   ++++         X - ring of Ysenasm {rN++ Slay+5}
HPRegen 1.21/turn    A - ring of Wuntoax {rC+ Slay+5}
MPRegen 0.25/turn

%: no teleportation, repel missiles, reflection
@: petrified, protected from physical damage, unable to read, very quick
A: very small, no large weapons, unfitting armour, see invisible, speed 3,
clumsy 1, dopey 1, inability to read after injury 1
}: 2/3 runes: silver, golden
a: Renounce Religion, Evoke Blink, Upheaval, Elemental Force, Disaster Area


You were in the Dungeon.
You worshipped Qazlal.
Qazlal was extremely pleased with you.
You visited 1 branch You collected 294 gold pieces.

Inventory:

Hand Weapons
 a - a +3 arbalest (weapon)
 b - the +7 Spriggan's Knife {stab, EV+4 Stlth+}
   (You found it in the Dungeon)

   Stab:      It is more effective when stabbing unaware enemies, sometimes
   treating them as though they were completely helpless.
   EV:        It affects your evasion (+4).
   Stlth:     It makes you more stealthy.
Armour
 c - a +2 cloak (worn)
 s - a +3 troll leather armour (worn) {Snorg}
 t - a +2 hat of stealth (worn)
Magical Staves
 n - the staff of fire "Luugeedi" {rF+ rC+ Str+3}
   (You found it in the Dungeon)

   [staff of fire]

   Base accuracy: +5 Base damage: 5 Base attack delay: 1.2 This weapon's minimum
   attack delay (0.6) is reached at skill level 12.
   Str:       It affects your strength (+3).
   rF:        It protects you from fire.
   rC:        It protects you from cold.
   It falls into the 'Staves' category.
   It is a two-handed weapon.
Jewellery
 m - the brooch of Shielding {Spirit SH+8}
   (You found it in the Dungeon)

   [amulet of guardian spirit]

   It causes incoming damage to be divided between your reserves of health and
   magic.
   SH:        It affects your SH (+8).
 y - the amulet of Muq Upta {RegenMP Str+3 Dex+6 Slay+2}
   (You found it in the Dungeon)

   [amulet of magic regeneration]

   It increases your rate of magic regeneration.
   Str:       It affects your strength (+3).
   Dex:       It affects your dexterity (+6).
   Slay:      It affects your accuracy & damage with ranged weapons and melee
   (+2).
 A - the ring of Wuntoax (right hand) {rC+ Slay+5}
   (You found it in the Dungeon)

   [ring of slaying]

   Slay:      It affects your accuracy & damage with ranged weapons and melee
   (+5).
   rC:        It protects you from cold.
 B - the ring "Yleogid" {Fly rN+ Str+4}
   (You found it in the Dungeon)

   [ring of flight]

   Str:       It affects your strength (+4).
   rN:        It protects you from negative energy.
   Fly:       It grants you flight.
 E - the ring of Limitation {rF+ Slay+5}
   (You found it in the Dungeon)

   [ring of slaying]

   Slay:      It affects your accuracy & damage with ranged weapons and melee
   (+5).
   rF:        It protects you from fire.
 G - the ring of the Kissing Gods {rC+ Will+}
   (You found it in the Dungeon)

   [ring of protection from cold]

   rC:        It protects you from cold.
   Will:      It increases your willpower.
 H - the ring "Kekhlorghe" {+Blink EV+6}
   (You found it in the Dungeon)

   [ring of evasion]

   EV:        It affects your evasion (+6).
   +Blink:    It lets you blink.
 I - the amulet of the Tarantula {RegenMP Slay+5 Stlth+}
   (You found it in the Dungeon)

   [amulet of magic regeneration]

   It increases your rate of magic regeneration.
   Slay:      It affects your accuracy & damage with ranged weapons and melee
   (+5).
   Stlth:     It makes you more stealthy.
 J - the ring of Ascent {rC+ AC+6 Str+2}
   (You found it in the Dungeon)

   [ring of protection]

   AC:        It affects your AC (+6).
   Str:       It affects your strength (+2).
   rC:        It protects you from cold.
 K - the ring "Ydiuhau" {Wiz rElec Dex+4 Slay+3}
   (You found it in the Dungeon)

   [ring of wizardry]

   It improves your spell success rate.
   Dex:       It affects your dexterity (+4).
   Slay:      It affects your accuracy & damage with ranged weapons and melee
   (+3).
   rElec:     It insulates you from electricity.
 L - the amulet of Okoul (around neck) {Reflect +Blink rF++ Dex+4 SH+5 SInv}
   (You found it in the Dungeon)

   [amulet of reflection]

   It reflects blocked missile attacks.
   Dex:       It affects your dexterity (+4).
   rF:        It greatly protects you from fire.
   SInv:      It lets you see invisible.
   +Blink:    It lets you blink.
   SH:        It affects your SH (+5).
 M - the ring "Jerah" {rPois Will+ Slay+3}
   (You found it in the Dungeon)

   [ring of willpower]

   Slay:      It affects your accuracy & damage with ranged weapons and melee
   (+3).
   rPois:     It protects you from poison.
   Will:      It increases your willpower.
 N - the ring of Mavet {+Blink rN+ SInv}
   (You found it in the Dungeon)

   [ring of positive energy]

   rN:        It protects you from negative energy.
   SInv:      It lets you see invisible.
   +Blink:    It lets you blink.
 O - the amulet "Tubem" {Will+ Regen+}
   (You found it in the Dungeon)

   [amulet of regeneration]

   Regen:     It increases your rate of health regeneration.
   Will:      It increases your willpower.
 P - the ring of Kenac {rPois rN+ Str+2}
   (You found it in the Dungeon)

   [ring of positive energy]

   Str:       It affects your strength (+2).
   rPois:     It protects you from poison.
   rN:        It protects you from negative energy.
 Q - the amulet "Joskal" {Reflect +Blink SH+5}
   (You found it in the Dungeon)

   [amulet of reflection]

   It reflects blocked missile attacks.
   +Blink:    It lets you blink.
   SH:        It affects your SH (+5).
 R - the ring of the Good {rF+ rN+ Will+ Int+4 Slay+5}
   (You found it in the Dungeon)

   [ring of slaying]

   Int:       It affects your intelligence (+4).
   Slay:      It affects your accuracy & damage with ranged weapons and melee
   (+5).
   rF:        It protects you from fire.
   rN:        It protects you from negative energy.
   Will:      It increases your willpower.
 S - the ring of Amelioration {+Blink rPois Int+6 Dex+3 SInv}
   (You found it in the Dungeon)

   [ring of intelligence]

   Int:       It affects your intelligence (+6).
   Dex:       It affects your dexterity (+3).
   rPois:     It protects you from poison.
   SInv:      It lets you see invisible.
   +Blink:    It lets you blink.
 V - the ring "Ufesuscho" {rCorr Str+2 Slay+5}
   (You found it in the Dungeon)

   [ring of slaying]

   Str:       It affects your strength (+2).
   Slay:      It affects your accuracy & damage with ranged weapons and melee
   (+5).
   rCorr:     It protects you from acid and corrosion.
 W - the amulet of Cujy {RegenMP rF+++ rC- MP+9 Int+5}
   (You found it in the Dungeon)

   [amulet of magic regeneration]

   It increases your rate of magic regeneration.
   Int:       It affects your intelligence (+5).
   rF:        It renders you almost immune to fire.
   rC:        It makes you vulnerable to cold.
   MP:        It affects your magic capacity (+9).
 X - the ring of Ysenasm (left hand) {rN++ Slay+5}
   (You found it in the Dungeon)

   [ring of slaying]

   Slay:      It affects your accuracy & damage with ranged weapons and melee
   (+5).
   rN:        It greatly protects you from negative energy.
 Y - the ring "Tuenosaaschel" {Contam rC++ rN+ Will+}
   (You found it in the Dungeon)

   [ring of willpower]

   rC:        It greatly protects you from cold.
   rN:        It protects you from negative energy.
   Contam:    It causes magical contamination when unequipped.
   Will:      It increases your willpower.
Wands
 o - a wand of polymorph (14)
 D - a wand of digging (3)
 T - a wand of paralysis (6)
 U - a wand of roots (7)
 Z - a wand of light (8)
Scrolls
 i - 6 scrolls of blinking
 k - 7 scrolls of amnesia
 l - 2 scrolls of summoning
 u - 5 scrolls of enchant weapon
 v - a scroll of fog
 w - 11 scrolls of identify
 x - 3 scrolls of fear
 F - a scroll of immolation
Potions
 d - 9 potions of curing
 e - 13 potions of heal wounds
 f - 10 potions of haste
 g - 8 potions of magic
 h - 7 potions of berserk rage
 j - 2 potions of invisibility
 p - 3 potions of brilliance
 q - 3 potions of might
 r - 8 potions of mutation
 z - 2 potions of resistance
 C - 6 potions of lignification


   Skills:
 O Level 27 Fighting
 - Level 14.0 Short Blades
 O Level 27 Ranged Weapons
 + Level 21.6 Armour
 O Level 27 Dodging
 - Level 15.0 Stealth
 - Level 12.0 Spellcasting
 + Level 9.0 Summonings
 - Level 7.0 Translocations
 O Level 27 Invocations
 - Level 15.0 Evocations


You had 36 spell levels left.
You knew the following spells:

 Your Spells              Type           Power      Damage    Failure   Level
a - Blink                 Tloc           52%        N/A       1%          2
b - Call Canine Familiar  Summ           31%        N/A       1%          3

Your spell library contained the following spells:

 Spells                   Type           Power      Damage    Failure   Level
 Summon Small Mammal      Summ           100%       N/A       1%          1
 Call Imp                 Summ           62%        N/A       1%          2
 Gell's Gravitas          Tloc           26%        N/A       1%          3
 Momentum Strike          Conj/Tloc      32%        3d8       4%          2
 Summon Guardian Golem    Hex/Summ       19%        N/A       5%          3
 Manifold Assault         Tloc           26%        N/A       6%          4
 Passage of Golubria      Tloc           26%        N/A       6%          4
 Portal Projectile        Hex/Tloc       32%        N/A       8%          3
 Vhi's Electric Charge    Tloc/Air       32%        N/A       8%          3
 Foxfire                  Conj/Fire      28%        2x1d5     11%         1
 Freeze                   Ice            28%        1d5       11%         1
 Kiss of Death            Conj/Necr      28%        2d7       11%         1
 Necrotise                Necr           28%        1d5       11%         1
 Sandblast                Erth           14%        2d6       11%         1
 Slow                     Hex            28%        N/A       11%         1
 Sting                    Tmut/Pois      28%        1d4       11%         1
 Passwall                 Tmut/Erth      5%         N/A       17%         2
 Scorch                   Fire           14%        2d5       17%         2
 Static Discharge         Conj/Air       14%        2-3/arc   17%         2
 Sublimation of Blood     Necr           7%         N/A       17%         2
 Wereblood                Tmut           7%         N/A       17%         2
 Confusing Touch          Hex            7%         N/A       32%         3
 Dazzling Flash           Conj/Hex       14%        N/A       32%         3
 Frozen Ramparts          Ice            14%        1d3       32%         3
 Hailstorm                Conj/Ice       7%         3d4       32%         3
 Ozocubu's Armour         Ice            7%         N/A       32%         3
 Spider Form              Tmut/Pois      7%         N/A       32%         3
 Stone Arrow              Conj/Erth      14%        3d7       32%         3
 Tukima's Dance           Hex            7%         N/A       32%         3
 Vampiric Draining        Necr           7%         2d6       32%         3
 Summon Cactus Giant      Summ           15%        N/A       38%         6
 Dispersal                Tloc           13%        N/A       67%         6
 Dispel Undead            Necr           7%         3d8       73%         4
 Flame Wave               Conj/Fire      7%         2d5       73%         4
 Ice Form                 Ice/Tmut       7%         N/A       73%         4
 Leda's Liquefaction      Hex/Erth       3%         N/A       73%         4
 Petrify                  Tmut/Erth      7%         N/A       73%         4
 Monstrous Menagerie      Summ           15%        N/A       93%         7
 Summon Hydra             Summ           15%        N/A       93%         7
 Agony                    Necr           7%         N/A       97%         5
 Arcjolt                  Conj/Air       3%         1d13      97%         5
 Fireball                 Conj/Fire      3%         3d4       97%         5
 Freezing Cloud           Conj/Ice/Air   3%         6-21      97%         5
 Iskenderun's Battlesphe  Conj           7%         2d6       97%         5
 Lee's Rapid Deconstruct  Erth           3%         3d5*      97%         5
 Metabolic Englaciation   Hex/Ice        3%         N/A       97%         5
 Silence                  Hex/Air        3%         N/A       97%         5
 Yara's Violent Unravell  Hex/Tmut       3%         3d4       97%         5
 Malign Gateway           Summ/Tloc      14%        N/A       98%         7
 Conjure Ball Lightning   Conj/Air       3%         3x3d6     100%        6
 Death Channel            Necr           3%         N/A       100%        6
 Iron Shot                Conj/Erth      3%         9d2       100%        6
 Plasma Beam              Fire/Air       3%         2x1d15    100%        6
 Simulacrum               Ice/Necr       3%         N/A       100%        6
 Starburst                Conj/Fire      3%         6d3       100%        6
 Ozocubu's Refrigeration  Ice            3%         4d8       100%        7
 Discord                  Hex            3%         N/A       100%        8
 Disjunction              Tloc           13%        N/A       100%        8
 Lehudib's Crystal Spear  Conj/Erth      3%         10d3      100%        8
 Fire Storm               Conj/Fire      3%         8d1       100%        9
 Shatter                  Erth           3%         3d7*      100%        9


Dungeon Overview and Level Annotations

Branches:
Dungeon (1/1)

Altars:
Ashenzari
Cheibriados
Dithmenos
Elyvilon
Fedhas
Gozag
Hepliaklqana
Kikubaaqudgha
Makhleb
Nemelex Xobeh
Okawaru
Qazlal
Ru
Sif Muna
Trog
Uskayaw
Vehumet
Wu Jian
Xom
Yredelemnul
Zin
The Shining One
Jiyva
Lugonu

Annotations:
D Tiamat


Innate Abilities, Weirdness & Mutations

You are very small and have problems with some larger weapons.
You are too small for most types of armour.
You have supernaturally acute eyesight. (SInv)
You cover ground extremely quickly. (Speed+++)
You are clumsy. (Dex -2)
You are dopey. (Int -2)
You occasionally lose the ability to read scrolls when taking damage.


Message History

You feel protected from physical attacks.
Ymosu hits you.
Your limbs are stiffening.
Unknown command.
Unknown command.
Activating: Disaster Area (0% risk of failure)
Press: ? - help, Dir - look around, f - activate Nature churns violently around you!
The blast of rubble hits Tiamat but does no damage.
Tiamat is severely wounded.
The cutting wind hits Tiamat!
Tiamat is severely wounded.
The blast of magma engulfs Ymosu!!!!
Ymosu is burned terribly!
Ymosu is heavily wounded.
The blast of magma engulfs Tiamat!
Tiamat is severely wounded.
The cutting wind hits Ymosu!!!
Ymosu is severely wounded.
The blast of rubble hits Tiamat!!!
Tiamat is almost dead.
Ymosu gestures at you. You resist with almost no effort. Ymosu misses you.
Tiamat breathes lightning at you. The bolt of lightning hits you!!
* * * LOW HITPOINT WARNING * * *
Ymosu hits you!
* * * LOW HITPOINT WARNING * * *
Tiamat misses you.
You have turned to stone.
Ymosu hits you.
* * * LOW HITPOINT WARNING * * *
You feel more protected from physical attacks.
Tiamat hits you from afar with a +2 bardiche of distortion!!!
You feel threatened and lose the ability to read scrolls!
* * * LOW HITPOINT WARNING * * *
Space warps horribly around you!
* * * LOW HITPOINT WARNING * * *
Ymosu gestures.
Ymosu blinks!
Ymosu gestures.
Tiamat hits you from afar with a +2 bardiche of distortion!
You die...

,,,,* ****** *** *** *** #'#
,,,,* *,+*,***,***,***,****#.#
,,,,*****,,,+,,,*,,,+,,,+,*#[#
,,,,**,***,***,###,***,###*#.#
,,,****+,*+*,**+≈##+,*##.###[#
,,** *,,,*,,,*≈≈§#,,,#...##)#
,** ***,***,+*#≈d**,##')###[#
** *,*+*,***,#'#,#+#.#'# #[# **
**+,+**,*##@###.###.###'# ,***
*,,,+,,,#X§≈'≈≈.#...##.# ,,,**
**,***,*#X≈○##§'#'.###'# ,,,,*
******+#&###≈###≈#'# #.#
,,,,***,,,,,,##+,*##.###.###'#
,,,,**,,,,,,,,*,,,+...)...##.##
,,,***,,,,,,,,**,##'.##'.##...#
,*** **,,,,,,****#.###.##''...#
** ******** ### ##*####.##


You could see Tiamat, Ymosu and 2 large abominations.

Vanquished Creatures
  2 orbs of fire (D)
  2 pandemonium lords (D)
  Frederick (D)
  A curse toe (D)
  Jory (D)
  8 golden dragons (D)
  A profane servitor (D)
  3 Tzitzimimeh (D)
  An electric golem (D)
  A Brimstone Fiend (D)
  A hellephant (D)
  3 liches (D)
  3 titans (D)
  7 quicksilver dragons (D)
  An Ice Fiend (D)
  Gastronok (D)
  Polyphemus (D)
  2 storm dragons (D)
  14 shadow dragons (D)
  2 azure jellies (D)
  A daeva (D)
  3 nagarajas (D)
  2 fire giants (D)
  A frost giant (D)
  5 deep elf sorcerers (D)
  10 iron dragons (D)
  A balrug (D)
  A draconian shifter (D)
  4 ghost moths (D)
  2 draconian stormcallers (D)
  A cacodemon (D)
  2 orc warlords (D)
  2 spriggan defenders (D)
  An ophan (D)
  A reaper (D)
  An apis (D)
  3 stone giants (D)
  A green draconian (D)
  A deep elf demonologist (D)
  2 black draconians (D)
  A minotaur (D)
  A dire elephant (D)
  A deep elf annihilator (D)
  2 purple draconians (D)
  A yellow draconian (D)
  2 ettins (D)
  Snorg (D)
  A mummy priest (D)
  A green death (D)
  3 deep elf death magi (D)
  3 yaktaur captains (D)
  2 deep elf high priests (D)
  A vault guard (D)
  13 fire dragons (D)
  9 ogre magi (D)
  A rakshasa (D)
  2 great orbs of eyes (D)
  Erolcha (D)
  9 hydras (D)
  A hell beast (D)
  12 ice dragons (D)
  A catoblepas (D)
  A boulder beetle (D)
  Erica (D)
  An alligator snapping turtle (D)
  A spriggan air mage (D)
  11 two-headed ogres (D)
  3 hell hogs (D)
  A death knight (D)
  3 merfolk avatars (D)
  A death yak (D)
  6 naga warriors (D)
  Urug (D)
  A sun demon (D)
  10 hell knights (D)
  2 soul eaters (D)
  4 iron trolls (D)
  2 deep elf knights (D)
  A large abomination (D)
  2 shadow wraiths (D)
  12 deep trolls (D)
  9 swamp dragons (D)
  A lindwurm (D)
  4 harpies (D)
  A bog body (D)
  3 necromancers (D)
  2 wizards (D)
  12 orc knights (D)
  2 salamanders (D)
  9 cyclopes (D)
  A moth of wrath (D)
  An orc sorcerer (D)
  An elephant (D)
  A rust devil (D)
  3 smoke demons (D)
  A black mamba (D)
  A torpor snail (shapeshifter) (D)
  A demonic crawler (D)
  2 orange demons (D)
  4 naga magi (D)
  A guardian serpent (D)
  A kobold demonologist (D)
  An unseen horror (D)
  A freezing wraith (D)
  An unseen horror (shapeshifter) (D)
  3 yaktaurs (D)
  An efreet (D)
  4 ice devils (D)
  A guardian mummy (D)
  9 trolls (D)
  2 hornets (D)
  A polar bear (D)
  A tyrant leech (D)
  8 blink frogs (D)
  An air elemental (D)
  4 slime creatures (D)
  A spriggan (D)
  A yak (D)
  2 shadows (D)
  A fire bat (D)
  2 fire elementals (D)
  A basilisk (D)
  A water elemental (D)
  A steam dragon (D)
  4 redbacks (D)
  Edmund (D)
  3 nagas (D)
  A floating eye (D)
  4 orc warriors (D)
  A sky beast (D)
  10 hell hounds (D)
  A black bear (D)
  6 ogres (D)
  A centaur (D)
  8 wolves (D)
  A scorpion (D)
  A necrophage (D)
  A jelly (D)
  An orc priest (D)
  A gnoll bouda (D)
  An iron imp (D)
  An iguana (D)
  3 orc wizards (D)
  3 hell rats (D)
  6 gnolls (D)
  A river rat (D)
  An ufetubus (D)
  15 orcs (D)
  A bat (D)
  A bat skeleton (D)
  A bat zombie (D)
  2 endoplasms (D)
  A goblin (D)
  3 hobgoblins (D)
  A kobold (D)
  A ball python (D)
  2 frilled lizards (D)
  A quokka zombie (D)
  A rat (D)
434 creatures vanquished.

Notes
Turn   | Place    | Note
-------+----------+-------------------------------------------
     0 | D        | Groucho the Spriggan Hunter began the quest for the Orb.
     0 | D        | Reached XP level 1. HP: 10/10 MP: 2/2
    50 | D        | Found a bloodstained altar of Trog.
    50 | D        | Found a shimmering blue altar of Sif Muna.
    50 | D        | Found a viscous altar of Jiyva.
    50 | D        | Found a hazy altar of Hepliaklqana.
    50 | D        | Found an opulent altar of Gozag.
    51 | D        | Found a glowing golden altar of the Shining One.
    51 | D        | Found a glowing silver altar of Zin.
    51 | D        | Found a basalt altar of Yredelemnul.
    51 | D        | Found a shimmering altar of Xom.
    51 | D        | Found an ornate altar of the Wu Jian Council.
    51 | D        | Found a sacrificial altar of Ru.
    51 | D        | Found a stormy altar of Qazlal.
    51 | D        | Found an iron altar of Okawaru.
    51 | D        | Found a sparkling altar of Nemelex Xobeh.
    51 | D        | Found a burning altar of Makhleb.
    51 | D        | Found a blossoming altar of Fedhas.
    51 | D        | Found a white marble altar of Elyvilon.
    51 | D        | Found a shadowy altar of Dithmenos.
    51 | D        | Found a snail-covered altar of Cheibriados.
    52 | D        | Found a radiant altar of Vehumet.
    52 | D        | Found a corrupted altar of Lugonu.
    53 | D        | Found an ancient bone altar of Kikubaaqudgha.
    53 | D        | Found a hide-covered altar of Uskayaw.
    53 | D        | Found a broken altar of Ashenzari.
    56 | D        | Became a worshipper of Qazlal Stormbringer
    67 | D        | Reached skill level 1 in Invocations
    75 | D        | Reached * piety under Qazlal
   195 | D        | Reached XP level 2. HP: 15/15 MP: 4/4
   199 | D        | Reached ** piety under Qazlal
   485 | D        | Noticed a fire bat
   490 | D        | Killed a fire bat
   491 | D        | Reached skill level 5 in Invocations
   491 | D        | Reached XP level 3. HP: 19/21 MP: 1/7
   491 | D        | Reached XP level 4. HP: 24/26 MP: 1/8
   491 | D        | Reached XP level 5. HP: 27/30 MP: 1/9
   693 | D        | Noticed a wolf
   697 | D        | Killed a wolf
   698 | D        | Reached skill level 5 in Fighting
   700 | D        | Noticed a black bear
   894 | D        | Killed a black bear
   894 | D        | Reached *** piety under Qazlal
   895 | D        | Reached XP level 6. HP: 36/36 MP: 11/11
  1060 | D        | Noticed a yak
  1108 | D        | Killed a yak
  1109 | D        | Reached skill level 10 in Dodging
  1109 | D        | Reached XP level 7. HP: 28/41 MP: 13/13
  1329 | D        | Reached **** piety under Qazlal
  1646 | D        | Noticed an ice devil
  1647 | D        | Noticed a black mamba
  1664 | D        | Killed a black mamba
  1665 | D        | Reached XP level 8. HP: 34/46 MP: 8/15
  1788 | D        | Killed an ice devil
  1789 | D        | Reached skill level 10 in Ranged Weapons
  2414 | D        | Noticed an unseen horror
  2414 | D        | Noticed a lindwurm
  2415 | D        | Noticed a guardian mummy
  2416 | D        | Killed a lindwurm
  2417 | D        | Reached skill level 10 in Invocations
  2417 | D        | Reached XP level 9. HP: 53/53 MP: 10/17
  2418 | D        | Killed a guardian mummy
  2419 | D        | Killed an unseen horror
  2707 | D        | Noticed a boulder beetle
  2708 | D        | Noticed a smoke demon
  2714 | D        | Killed a smoke demon
  2740 | D        | Killed a boulder beetle
  2741 | D        | Reached skill level 10 in Fighting
  2741 | D        | Reached skill level 15 in Dodging
  3151 | D        | Noticed a smoke demon
  3157 | D        | Killed a smoke demon
  3158 | D        | Reached XP level 10. HP: 59/59 MP: 12/19
  3495 | D        | Noticed a bog body
  3495 | D        | Noticed a death yak
  3497 | D        | Killed a bog body
  3512 | D        | Killed a death yak
  4285 | D        | Noticed a sun demon
  4285 | D        | Noticed an orc knight
  4286 | D        | Reached ***** piety under Qazlal
  4291 | D        | Noticed Gastronok
  4292 | D        | Killed an orc knight
  4292 | D        | Killed a sun demon
  4293 | D        | Reached XP level 11. HP: 66/66 MP: 0/22
  4609 | D        | Killed Gastronok
  4987 | D        | Noticed a shadow wraith
  4987 | D        | Noticed Edmund
  4990 | D        | Reached ****** piety under Qazlal
  4990 | D        | Killed a shadow wraith
  4991 | D        | Killed Edmund
  5592 | D        | Reached skill level 15 in Ranged Weapons
  5606 | D        | Noticed a deep elf knight
  5609 | D        | Noticed Erica
  5614 | D        | Killed a deep elf knight
  5615 | D        | Killed Erica
  6218 | D        | Noticed a minotaur
  6223 | D        | Noticed Erolcha
  6233 | D        | Killed Erolcha
  6234 | D        | Reached skill level 15 in Invocations
  6235 | D        | Killed a minotaur
  6668 | D        | Noticed an orc sorcerer
  6670 | D        | Killed an orc sorcerer
  6681 | D        | Noticed an orc knight
  6685 | D        | Reached XP level 12. HP: 61/73 MP: 16/24
  7286 | D        | Noticed a merfolk avatar
  7294 | D        | Killed a merfolk avatar
  7722 | D        | Noticed an orc warlord
  7763 | D        | Killed an orc warlord
  7960 | D        | Noticed a naga warrior
  7967 | D        | Killed a naga warrior
  8240 | D        | Noticed an orc warlord
  8391 | D        | Noticed a naga warrior
  8398 | D        | Killed a naga warrior
  8678 | D        | Killed an orc warlord
  9165 | D        | Noticed a naga warrior
  9192 | D        | Killed a naga warrior
  9287 | D        | Noticed a vault guard
  9311 | D        | Killed a vault guard
  9349 | D        | Noticed a deep elf sorcerer
  9360 | D        | Killed a deep elf sorcerer
  9361 | D        | Reached skill level 15 in Fighting
  9361 | D        | Reached XP level 13. HP: 80/80 MP: 16/26
  9508 | D        | Noticed a fire giant
  9513 | D        | Killed a fire giant
  9891 | D        | Found the +7 Spriggan's Knife {stab, EV+4 Stlth+}
 10112 | D        | Noticed a deep elf sorcerer
 10112 | D        | Noticed a titan
 10112 | D        | Noticed a spriggan defender
 10112 | D        | Noticed a nagaraja
 10112 | D        | Noticed Snorg
 10112 | D        | Noticed a ghost moth
 10114 | D        | Killed a deep elf sorcerer
 10114 | D        | Killed a nagaraja
 10116 | D        | Killed a spriggan defender
 10154 | D        | Killed Snorg
 10154 | D        | Killed a titan
 10534 | D        | Killed a ghost moth
 10535 | D        | Reached skill level 1 in Armour
 10693 | D        | Got the Reference Book on Pyromania
 10897 | D        | Identified the +1 ring mail of Nanteh {Fly}
 10917 | D        | Noticed Urug
 10919 | D        | Killed Urug
 11108 | D        | Noticed a deep elf sorcerer
 11112 | D        | Killed a deep elf sorcerer
 11113 | D        | Reached skill level 5 in Armour
 11374 | D        | Got the Textbook on Topology and the Snowflakes
 11406 | D        | Noticed Polyphemus
 11413 | D        | Killed Polyphemus
 11830 | D        | Noticed a deep elf death mage
 11835 | D        | Killed a deep elf death mage
 11836 | D        | Reached XP level 14. HP: 89/89 MP: 28/28
 12064 | D        | Noticed a lich
 12069 | D        | Noticed a lich
 12105 | D        | Killed a lich
 12112 | D        | Killed a lich
 12284 | D        | Noticed a deep elf sorcerer
 12290 | D        | Killed a deep elf sorcerer
 12324 | D        | Noticed a lich
 12324 | D        | Noticed a nagaraja
 12355 | D        | Killed a lich
 12360 | D        | Killed a nagaraja
 12637 | D        | Noticed a white draconian stormcaller
 12642 | D        | Killed a white draconian stormcaller
 12918 | D        | Got the Grimoire of the Shot
 13007 | D        | Reached skill level 27 in Dodging
 13457 | D        | Got Ittymp's Lectures on the Valley and Shapeshifting
 13480 | D        | Reached skill level 1 in Spellcasting
 13486 | D        | Got the ring of the Kissing Gods {rC+ Will+}
 13488 | D        | Got the ring "Kekhlorghe" {+Blink EV+6}
 13490 | D        | Got the ring "Tainacic" {Drain MP+9 Dex+6 SInv}
 13492 | D        | Got the ring of Ascent {rC+ AC+6 Str+2}
 13494 | D        | Got the ring "Ydiuhau" {Wiz rElec Dex+4 Slay+3}
 13496 | D        | Got the ring of Zonk {rElec Will- EV+6 Str+4 Stlth+}
 13498 | D        | Got the ring "Jerah" {rPois Will+ Slay+3}
 13500 | D        | Got the ring of Mavet {+Blink rN+ SInv}
 13502 | D        | Got the ring of Xom's Wantonness {Will+ Dex+2}
 13504 | D        | Got the ring of Kenac {rPois rN+ Str+2}
 13506 | D        | Got the ring "Luolorui" {rC- rN+ Will++ Int+2 Stlth+}
 13508 | D        | Got the ring of Xom's Capriciousness {Fire Will+ Str+3
                  | Int-3 Stlth+}
 13510 | D        | Got the ring of Amelioration {+Blink rPois Int+6 Dex+3
                  | SInv}
 13547 | D        | Got the ring "Ufesuscho" {rCorr Str+2 Slay+5}
 13549 | D        | Got the amulet of Cujy {RegenMP rF+++ rC- MP+9 Int+5}
 13551 | D        | Got the ring of Ysenasm {rN++ Slay+5}
 13553 | D        | Got the amulet "Paosunk" {Spirit Regen+}
 13555 | D        | Got the amulet of the Gnashing Genius {Acrobat Str+4}
 13576 | D        | Got the amulet of Muq Upta {RegenMP Str+3 Dex+6 Slay+2}
 13578 | D        | Got the ring of Wuntoax {rC+ Slay+5}
 13580 | D        | Got the ring of Limitation {rF+ Slay+5}
 13582 | D        | Got the amulet of the Tarantula {RegenMP Slay+5 Stlth+}
 13584 | D        | Got the amulet of Okoul {Reflect +Blink rF++ Dex+4 SH+5
                  | SInv}
 13586 | D        | Got the amulet "Tubem" {Will+ Regen+}
 13588 | D        | Got the amulet "Joskal" {Reflect +Blink SH+5}
 13590 | D        | Got the ring of the Good {rF+ rN+ Will+ Int+4 Slay+5}
 13935 | D        | Noticed a Tzitzimitl
 13942 | D        | Killed a Tzitzimitl
 13943 | D        | Reached skill level 10 in Armour
 14061 | D        | Noticed a white draconian stormcaller
 14065 | D        | Killed a white draconian stormcaller
 14231 | D        | Noticed Vucuivve the pandemonium lord
 14248 | D        | Killed Vucuivve the pandemonium lord
 14249 | D        | Reached skill level 5 in Spellcasting
 14607 | D        | Noticed a balrug
 14616 | D        | Killed a balrug
 14839 | D        | Noticed an electric golem
 14853 | D        | Killed an electric golem
 15277 | D        | Noticed a quicksilver dragon
 15286 | D        | Killed a quicksilver dragon
 15287 | D        | Reached XP level 15. HP: 49/97 MP: 24/31
 16299 | D        | Noticed a storm dragon
 16299 | D        | Noticed a Tzitzimitl
 16299 | D        | Noticed a titan
 16299 | D        | Noticed a profane servitor
 16303 | D        | Killed a titan
 16303 | D        | Killed a Tzitzimitl
 16314 | D        | Killed a storm dragon
 16318 | D        | Killed a profane servitor
 16319 | D        | Reached skill level 10 in Spellcasting
 16633 | D        | Learned a level 2 spell: Blink
 16698 | D        | Noticed a quicksilver dragon
 16704 | D        | Killed a quicksilver dragon
 16913 | D        | Noticed an Ice Fiend
 16918 | D        | Killed an Ice Fiend
 16962 | D        | Noticed a curse toe
 16976 | D        | Killed a curse toe
 17240 | D        | Noticed Jory
 17261 | D        | Killed Jory
 17643 | D        | Noticed an iron dragon
 17643 | D        | Noticed a shadow dragon
 17643 | D        | Noticed a quicksilver dragon
 17643 | D        | Noticed an iron dragon
 17643 | D        | Noticed a quicksilver dragon
 17643 | D        | Noticed a golden dragon
 17643 | D        | Noticed a golden dragon
 17643 | D        | Noticed an iron dragon
 17644 | D        | Noticed an iron dragon
 17680 | D        | Killed a golden dragon
 17685 | D        | Killed a quicksilver dragon
 17689 | D        | Killed an iron dragon
 17783 | D        | Noticed a shadow dragon
 17791 | D        | Killed a shadow dragon
 17793 | D        | Noticed a shadow dragon
 17803 | D        | Killed a shadow dragon
 17866 | D        | Killed a shadow dragon
 17871 | D        | Noticed a shadow dragon
 17883 | D        | Killed a shadow dragon
 18054 | D        | Noticed a shadow dragon
 18064 | D        | Killed a golden dragon
 18070 | D        | Killed a shadow dragon
 18078 | D        | Killed an iron dragon
 18089 | D        | Noticed an iron dragon
 18105 | D        | Killed an iron dragon
 18110 | D        | Reached XP level 16. HP: 108/108 MP: 29/34
 18111 | D        | Noticed a shadow dragon
 18121 | D        | Killed a shadow dragon
 18148 | D        | Noticed a shadow dragon
 18159 | D        | Killed a shadow dragon
 18161 | D        | Noticed a golden dragon
 18167 | D        | Noticed a golden dragon
 18172 | D        | Noticed a quicksilver dragon
 18173 | D        | Noticed a golden dragon
 18173 | D        | Killed a golden dragon
 18180 | D        | Killed a quicksilver dragon
 18181 | D        | Reached skill level 27 in Invocations
 18181 | D        | Noticed a golden dragon
 18182 | D        | Killed a golden dragon
 18184 | D        | Killed a golden dragon
 18185 | D        | Killed a golden dragon
 18208 | D        | Noticed a quicksilver dragon
 18224 | D        | Killed a quicksilver dragon
 18340 | D        | Noticed a quicksilver dragon
 18346 | D        | Killed a quicksilver dragon
 18412 | D        | Noticed a golden dragon
 18419 | D        | Killed a golden dragon
 18493 | D        | Killed a quicksilver dragon
 18593 | D        | Reached skill level 27 in Fighting
 18608 | D        | Noticed a shadow dragon
 18609 | D        | Noticed a shadow dragon
 18613 | D        | Killed a shadow dragon
 18616 | D        | Killed a shadow dragon
 18650 | D        | Noticed a shadow dragon
 18664 | D        | Killed a shadow dragon
 18684 | D        | Noticed a shadow dragon
 18694 | D        | Killed a shadow dragon
 18966 | D        | Noticed a golden dragon
 18972 | D        | Killed a golden dragon
 18978 | D        | Found the brooch of Shielding {Spirit SH+8}
 19001 | D        | Noticed a shadow dragon
 19010 | D        | Killed a shadow dragon
 19039 | D        | Found the +16 obsidian axe {drain, demonic, Mesm Drain Fly
                  | SInv}
 19040 | D        | Got Jorgrun's Compendium of Geology
 19067 | D        | Got a golden rune of Zot
 19079 | D        | Got Zovoaxot's Folio of the Icicle and Infection
 19092 | D        | Got the ring "Tuenosaaschel" {Contam rC++ rN+ Will+}
 19136 | D        | Got the ring "Yleogid" {Fly rN+ Str+4}
 19194 | D        | Reached XP level 17. HP: 121/121 MP: 35/35
 19198 | D        | Noticed an orb of fire
 19203 | D        | Gained mutation: You are clumsy. (Dex -2) [an orb of fire]
 19207 | D        | Gained mutation: You are dopey. (Int -2) [an orb of fire]
 19212 | D        | Killed an orb of fire
 19418 | D        | Noticed a hellephant
 19421 | D        | Killed a hellephant
 19721 | D        | Reached skill level 27 in Ranged Weapons
 19725 | D        | Reached skill level 5 in Stealth
 19726 | D        | Reached skill level 10 in Stealth
 19793 | D        | Reached skill level 10 in Evocations
 20537 | D        | Reached skill level 1 in Short Blades
 20580 | D        | Reached skill level 5 in Short Blades
 20580 | D        | Reached skill level 15 in Stealth
 20605 | D        | Reached skill level 10 in Short Blades
 20605 | D        | Reached skill level 15 in Evocations
 21256 | D        | Got Progressing With Wizarding
 21286 | D        | Got the staff of fire "Luugeedi" {rF+ rC+ Str+3}
 21895 | D        | Identified the +5 flail "Opatz" {antimagic, Int+6}
 21895 | D        | Identified the +3 scimitar of Context {freeze, Int+3 Dex+5}
 21895 | D        | Noticed a titan
 21895 | D        | Identified the +8 great sword "Kuixe" {pain, MP+9 Str+4
                  | Int+6}
 21896 | D        | Killed a titan
 21897 | D        | Reached XP level 18. HP: 127/127 MP: 27/36
 22232 | D        | Got the Writings on Mustering
 22232 | D        | Got the Precepts of the Elliptic Mantle
 22236 | D        | Got a silver rune of Zot
 22405 | D        | Learned a level 3 spell: Call Canine Familiar
 22412 | D        | Noticed an orb of fire
 22418 | D        | Gained mutation: You occasionally lose the ability to read
                  | scrolls when taking damage. [an orb of fire]
 22423 | D        | Killed an orb of fire
 22595 | D        | Reached skill level 5 in Summonings
 22831 | D        | Noticed Hapi the pandemonium lord
 22835 | D        | Noticed a golden dragon
 22843 | D        | Killed Hapi the pandemonium lord
 23387 | D        | Noticed a Brimstone Fiend
 23391 | D        | Killed a Brimstone Fiend
 23834 | D        | Noticed a Tzitzimitl
 23839 | D        | Killed a Tzitzimitl
 24146 | D        | Noticed Frederick
 24147 | D        | Found the +4 dragonskin cloak
 24147 | D        | Noticed Tiamat
 24149 | D        | Killed Frederick
 24151 | D        | Noticed Ymosu the pandemonium lord
 24155 | D        | HP: 1/127 [Tiamat/+2 bardiche of distortion (7)]
 24156 | D        | Slain by Tiamat

Illustrated notes

Levels and vault maps discovered:
D:        pitsprint [storerooms_1, entrance_room_1, metal_vault_2, armoury_1,
          mini_pit_1, grid_room_1, main_hall_1, silver_pit, the_coven_3,
          the_vestibule_1, steel_vault_1, golden_pit, hallway_of_sentries,
          crystal_vault_5, iron_vault_2, final_vault]

Skill      XL: |  1  2  3  4  5  6  7  8  9 10 11 12 13 14 15 16 17 18 |
---------------+-------------------------------------------------------+-----
Dodging        | 3 7 9 10 11 13 15 17 19 22 25 27 | 27.0
Fighting       | 2 4 5 6 7 9 10 11 13 15 17 19 22 27 | 27.0
Invocations    | 1 5 6 7 8 10 11 13 15 17 19 22 26 27 | 27.0
Ranged Weapons | 6 7 8 9 11 12 14 16 17 18 23 27 | 27.0
Armour         | 5 11 12 20 21 | 21.6
Spellcasting   | 7 12 | 12.0
Translocations | 7 |  7.0
Stealth        | 15 | 15.0
Evocations     | 15 | 15.0
Short Blades   | 14 | 14.0
Summonings     | 9 |  9.0

Action                     |  1- 3 |  4- 6 |  7- 9 | 10-12 | 13-15 | 16-18 || total
---------------------------+-------+-------+-------+-------+-------+-------++-------
   Fire: Shortbow          |    31 |    44 |    74 |    63 |       |       ||   212
         Arbalest          |       |       |       |   171 |   456 |   385 ||  1012
   Cast: Call Canine Famil |       |       |       |       |       |     1 ||     1
 Invoke: Upheaval          |     1 |     3 |    26 |    48 |    85 |    21 ||   184
         Disaster Area     |       |       |       |     1 |       |    11 ||    12
    Use: Potion            |     2 |       |     4 |     2 |    13 |     2 ||    23
         Scroll            |       |       |       |       |     2 |     4 ||     6
 Armour: Robe              |     2 |     1 |     2 |     1 |     1 |       ||     7
         Troll leather arm |       |       |       |       |    25 |    18 ||    43
  Dodge: Dodged            |    17 |    10 |    40 |    31 |   336 |   256 ||   690
         Repelled          |       |       |       |       |     6 |     7 ||    13
  Block: Other             |     4 |     2 |    11 |    13 |   117 |   105 ||   252
         Reflection        |       |       |       |       |     2 |     3 ||     5
